 Dungeon Crawl Stone Soup version 0.31-a0-233-g139696dc86 (webtiles) character file.

Game seed: 15286792513132416468

118 qw the Shooter (level 4, -2/37 HPs)
             Began as a Minotaur Hexslinger on July 8, 2023.
             Slain by an orc
             ... wielding a +0 club
              (3 damage)
             ... on level 3 of the Dungeon.
             The game lasted 00:00:41 (1500 turns).

qw the Shooter (Minotaur Hexslinger)                Turns: 1500, Time: 00:00:42

Health: -2/37      AC:  4    Str: 13    XL:     4   Next: 72%
Magic:  4/4        EV: 12    Int: 10    God:
Gold:   85         SH:  5    Dex: 14    Spells: 4/5 levels left

rFire   . . .        b - +2 sling (heavy)
rCold   . . .        (no shield)
rNeg    . . .        n - +1 leather armour {rPois}
rPois   +            (helmet restricted)
rElec   .            (no cloak)
rCorr   .            (no gloves)
SInv    .            (no boots)
Will    .....        i - amulet of reflection
Stlth   +            (no ring)
HPRegen 0.26/turn    (no ring)
MPRegen 0.09/turn

%: reflection
@: no status effects
A: horns 2, retaliatory headbutt
a: no special abilities


You were on level 3 of the Dungeon.
You visited 1 branch of the dungeon, and saw 3 of its levels.

You collected 85 gold pieces.


Innate Abilities, Weirdness & Mutations

You have a pair of horns on your head.
You reflexively headbutt those who attack you in melee.


   Skills:
 + Level 2.6 Fighting
 - Level 5.0 Ranged Weapons
 - Level 2.1 Dodging
 - Level 1.0 Spellcasting
 - Level 2.0 Hexes


You had 4 spell levels left.
You knew the following spells:

 Your Spells              Type           Power      Damage    Failure   Level
a - Slow                  Hex            16%        N/A       19%         1

Your spell library contained the following spells:

 Spells                   Type           Power      Damage    Failure   Level
 Inner Flame              Hex/Fire       2%         N/A       65%         3
 Portal Projectile        Hex/Tloc       4%         N/A       65%         3
 Cause Fear               Hex            2%         N/A       88%         4

Inventory:

Hand Weapons
 b - a +2 heavy sling (weapon)
Armour
 n - a +1 leather armour of poison resistance (worn)
Jewellery
 i - an amulet of reflection (around neck)
Scrolls
 a - a scroll of identify
Potions
 f - a potion of enlightenment
 g - a potion of curing
 j - a potion of haste
 o - a potion of attraction {unknown}

Dungeon Overview and Level Annotations

Branches:
Dungeon (3/15)

Altars:
Makhleb

Shops:
D:2 (=

Annotations:
D:3 Jessica


Message History

The sling bullet barely misses the adder.
The adder bites you but does no damage. You block the orc's attack.
The adder misses you. The orc completely misses you.
You shoot a sling bullet.
The sling bullet closely misses the adder.
You block the adder's attack. The adder bites you.
You are poisoned.
The adder poisons you! The orc hits you with a +0 club.
You shoot a sling bullet. The orc shouts!
The sling bullet hits the adder!
The adder is severely wounded.
You feel sick. The adder barely misses you. You block the orc's attack.
The adder barely misses you. The orc hits you with a +0 club.
You block the adder's attack.
You shoot a sling bullet. The sling bullet misses the adder.
You feel sick.
You are no longer poisoned.
The adder bites you. The orc barely misses you. The adder misses you.
The orc hits you with a +0 club.
You shoot a sling bullet.
The sling bullet closely misses the adder.
The adder bites you. The orc closely misses you. You furiously retaliate!
You headbutt the orc!
You kill the orc!
The adder bites you.
You shoot a sling bullet.
The sling bullet barely misses the adder.
Jessica shouts!
The adder closely misses you. You furiously retaliate!
You headbutt the adder.
You kill the adder!
Something completely misses you.
You shoot a sling bullet.
The sling bullet hits the orc but does no damage.
The orc hits you but does no damage. Something hits you but does no damage.
You shoot a sling bullet. The sling bullet barely misses the orc.
Jessica shouts, "You're disturbing me!
I'll have to kill you!" Something hits you. The orc hits you with a +0 club.
Something hits you. The orc hits you with a +0 club.
You die...

.. #.# #. #.# #. #.# #.
#.# #. #.# #. #.#
##.##.###.# #....%@...#
#..##o###.#############
#@ #.............. #.
#.############# .. #.#
# ...#### #. #.# #
.......## .. #.#
######## ##<## ## #..
........ #...# ...
########


You could see Jessica and an orc.

Vanquished Creatures
  An orc priest (D:3)
  3 adders
  A worm (D:2)
  4 orcs (D:3)
  6 endoplasms
  3 giant cockroaches
  4 goblins (D:1)
  4 hobgoblins
  4 quokkas
  5 ball pythons
  6 bats
  7 frilled lizards
  4 kobolds
  5 rats
57 creatures vanquished.

Notes
Turn   | Place    | Note
-------+----------+-------------------------------------------
     0 | D:1      | qw the Minotaur Hexslinger began the quest for the Orb.
     0 | D:1      | Reached XP level 1. HP: 16/16 MP: 1/1
     0 | D:1      | 0 ||| qw: Version: 0.3-a-46-gb1f654a
     0 | D:1      | 0 ||| qw: Game counter: 3689
     0 | D:1      | 0 ||| qw: Melee chars always use a shield: true
     0 | D:1      | 0 ||| qw: God list: Okawaru
     0 | D:1      | 0 ||| qw: Allow faded altars: false
     0 | D:1      | 0 ||| qw: Do Orc after clearing Dungeon:15 true
     0 | D:1      | 0 ||| qw: Do second Lair branch before Depths: true
     0 | D:1      | 0 ||| qw: Lair rune preference: random
     0 | D:1      | 0 ||| qw: Goals: Normal
     0 | D:1      | 0 ||| PLANNING D:1-11
   234 | D:1      | Reached skill level 3 in Ranged Weapons
   234 | D:1      | Reached XP level 2. HP: 23/23 MP: 2/2
   739 | D:1      | Reached XP level 3. HP: 29/29 MP: 3/3
   770 | D:1      | 770 ||| UPGRADING to +0 ring mail.
   780 | D:1      | 780 ||| DROPPING +0 robe.
   781 | D:1      | 781 ||| UPGRADING to +1 leather armour of poison
                  | resistance.
   791 | D:1      | 791 ||| DROPPING +0 ring mail.
   792 | D:1      | 792 ||| UPGRADING to amulet of reflection.
   797 | D:1      | 797 ||| READING 3 scrolls labelled YVO QIOPLEI.
   798 | D:1      | 798 ||| READING scroll labelled WEZIAV NIONY.
   799 | D:1      | 799 ||| READING scroll labelled SYXOOMNUW YZOC.
   803 | D:1      | 803 ||| READING scroll labelled EHONUTIAKU.
   804 | D:1      | 804 ||| READING scroll labelled URARRY WAOPS.
   805 | D:1      | 805 ||| DRINKING 2 blue potions.
   806 | D:1      | 806 ||| READING 2 scrolls of identify.
   806 | D:1      | 806 ||| IDENTIFYING murky clear potion
   807 | D:1      | 807 ||| DROPPING scroll of poison.
   872 | D:2      | 872 ||| FLEEEEING.
   876 | D:2      | 876 ||| STAIRDANCE
   919 | D:2      | Found Peem Wischisch's Jewellery Shoppe.
   927 | D:2      | 927 ||| SHOPLISTING +4 ring of slaying (1092 gold, have
                  | 57).
   927 | D:2      | 927 ||| SHOPLISTING ring "Zaem" {Fly rF+ Will+ Str-4 Int+3}
                  | (526 gold, have 57).
   927 | D:2      | 927 ||| SHOPLISTING ring of Light {Ice *Slow Str+3 Dex+8}
                  | (693 gold, have 57).
   927 | D:2      | 927 ||| SHOPLISTING ring of resist corrosion (280 gold,
                  | have 57).
   963 | D:2      | Reached skill level 4 in Ranged Weapons
  1080 | D:2      | Found Ybriydgh's Weapon Shoppe.
  1126 | D:2      | Reached XP level 4. HP: 36/36 MP: 4/4
  1157 | D:2      | Found a burning altar of Makhleb.
  1283 | D:2      | 1283 ||| DROPPING amulet of guardian spirit.
  1284 | D:2      | 1284 ||| READING scroll labelled VAROER XUSIFF.
  1285 | D:2      | 1285 ||| READING scroll labelled KETAZY YFEWECEH.
  1286 | D:2      | 1286 ||| READING scroll labelled NAGOFOAX REMO.
  1287 | D:2      | 1287 ||| DRINKING 2 smoky sapphire potions.
  1288 | D:2      | 1288 ||| READING 2 scrolls of identify.
  1288 | D:2      | 1288 ||| IDENTIFYING green potion
  1289 | D:2      | 1289 ||| DROPPING potion of ambrosia.
  1326 | D:3      | Reached skill level 5 in Ranged Weapons
  1329 | D:3      | Noticed Jessica
  1331 | D:3      | HP: 4/36 [Jessica/nerve-wracking pain (7)]
  1332 | D:3      | 1332 ||| READING scroll of teleportation.
  1500 | D:3      | HP: 7/37 [something (4)]
  1500 | D:3      | HP: 3/37 [orc/+0 club (4)]
  1500 | D:3      | HP: 1/37 [something (2)]
  1500 | D:3      | Slain by an orc

Levels and vault maps discovered:
D:1:      minmay_arrival_four_loops, layout_basic
D:2:      layout_rooms, basic_altar, serial_shops, nicolae_shop_rolling_square,
          nicolae_lakefront_shop, minmay_guardbox
D:3:      layout_loops_ring, uniq_jessica, uniq_terence

Skill      XL: |  1  2  3  4 |
---------------+-------------+-----
Ranged Weapons | 3 4 5 |  5.0
Fighting       | 2 |  2.6
Dodging        | |  2.1
Spellcasting   | |  1.0
Hexes          | |  2.0

Action                     |  1- 3 |  4- 6 || total
---------------------------+-------+-------++-------
   Fire: Sling             |   100 |    36 ||   136
    Use: Scroll            |     6 |     5 ||    11
         Potion            |     1 |     1 ||     2
 Armour: Leather armour    |     9 |     5 ||    14
  Dodge: Dodged            |    28 |    18 ||    46
  Block: Other             |     6 |    14 ||    20
         Reflection        |     1 |       ||     1

Table legend:
 A = Non-vault XP
 B = Vault XP
 C = Vault XP percentage of total XP
 D = Non-vault monster count
 E = Vault monster count
 F = Vault count percentage of total count
                 A         B        C        D         E       F
            +---------+---------+-------+---------+---------+-------
      Total |     148 |      21 |  12.4 |      45 |      12 |  21.1
            +---------+---------+-------+---------+---------+-------
        D:1 |      42 |       0 |   0.0 |      28 |       0 |   0.0
        D:2 |      37 |      21 |  36.2 |       9 |      12 |  57.1
        D:3 |      69 |       0 |   0.0 |       8 |       0 |   0.0
            +---------+---------+-------+---------+---------+-------
